 Dungeon Sprint DCSS version 0.22.1-1-ga44c0e56f4 (webtiles) character file.

25 MuseOD the Sneak (level 2, -1/15 HPs)
             Began as a Spriggan Enchanter on Sept 28, 2018.
             Slain by a phantom (7 damage)
             ... in the Dungeon (Sprint III: "The Ten Rune Challenge").
             The game lasted 00:01:03 (362 turns).

MuseOD the Sneak (Spriggan Enchanter)                Turns: 362, Time: 00:01:03

Health: -1/15      AC:  2    Str:  4    XL:     2   Next: 82%
Magic:  6/6        EV: 18    Int: 16    God:
Gold:   14         SH:  0    Dex: 16    Spells: 3/6 levels left

rFire    . . .     SeeInvis +   a - +1 dagger
rCold    . . .     Gourm    .   (shield restricted)
rNeg     . . .     Faith    .   b - +0 robe
rPois    .         Spirit   .   (helmet restricted)
rElec    .         Reflect  .   (no cloak)
rCorr    .         Harm     .   (gloves unavailable)
MR       .....     NoTele   +   (boots unavailable)
Stlth    +++.......             (no amulet)
HPRegen  0.05/turn              (no ring)
MPRegen  0.10/turn              (no ring)

@: very quick
A: very small, unfitting armour, see invisible, herbivore, speed 3, slow
metabolism 2
a: no special abilities


You were in the Dungeon.
You were not hungry.

You visited 1 branch You collected 14 gold pieces.

Inventory:

Hand Weapons
 a - a +1 dagger (weapon)
Armour
 b - a +0 robe (worn)
Scrolls
 c - a scroll of identify {unknown}
 i - a scroll of immolation {unknown}
 j - a scroll of blinking
 k - 2 scrolls of remove curse
Potions
 e - 2 potions of curing
 f - 2 potions of heal wounds
 g - a potion of haste
 h - 2 potions of magic
 l - a potion of brilliance {unknown}
 m - a potion of mutation {unknown}
Comestibles
 d - 2 rations


   Skills:
 + Level 2.0 Fighting
 * Level 4.4 Short Blades
 - Level 3.0 Dodging
 + Level 6.3 Stealth
 - Level 2.6 Spellcasting
 - Level 3.6 Hexes


You had 3 spell levels left.
You knew the following spells:

 Your Spells              Type           Power        Failure   Level  Hunger
a - Corona                Hex            ##.....      4%          1    #......
b - Ensorcelled Hibernat  Hex/Ice        #.....       14%         2    ##.....

Your spell library contained the following spells:

 Spells                   Type           Power        Failure   Level  Hunger
 Confuse                  Hex            ##......     13%         3    ###....
 Tukima's Dance           Hex            ##......     13%         3    ###....
 Dazzling Spray           Conj/Hex       #.....       28%         3    ###....


Dungeon Overview and Level Annotations

Branches:
Dungeon (1/1)

Altars:


Innate Abilities, Weirdness & Mutations

You are very small and have problems with some larger weapons.
You are too small for most types of armour.
You have supernaturally acute eyesight. (SInv)
You are a herbivore.
You cover ground extremely quickly.
You need to consume almost no food.


Message History

There's nothing to close nearby.
A phantom opens the door.
Items here: !!! % ???
c - a scroll labeled CUCSOSELI;
i - a scroll labeled WEBBEE NOAMP
k - 2 scrolls of remove curse;
f - 2 potions of heal wounds (gained 1)
l - a puce potion;
m - a silvery potion;
d - 2 rations (gained 1)
The phantom completely misses you.
You see here 14 gold pieces.
Unknown command.
You hit the phantom but do no damage. You hit the phantom.
The phantom is lightly damaged.
The phantom misses you.
You hit the phantom but do no damage.
The phantom is lightly damaged.
The phantom misses you.
You hit the phantom.
The phantom is moderately damaged.
The phantom hits you!
You die...

▓▓▓▓▓▓▓▓▓▓▓▓▓
▓<.#!.W.....♣♣
▓..#.@#......♣
▓#'####......♣
▓..†..#....≈.♣♣♣♣.
▓.....#...≈≈..♣...#
▓.....#..≈≈≈≈.♣...+
▓####'#..≈≈≈≈≈≈.♣.#
▓[....#.≈≈≈≈≈≈....#
▓...†.#.≈≈≈≈≈.....#
▓.....#.≈≈≈.......#


You could see a phantom.

Vanquished Creatures
  A human (D)
  An ooze (D)
  3 rats (D)
5 creatures vanquished.

Vanquished Creatures (others)
  2 draconian scorchers (D)
  6 hellions (D)
  A yaktaur (D)
9 creatures vanquished.

Grand Total: 14 creatures vanquished

Notes
Turn   | Place    | Note
-------+----------+-------------------------------------------
     0 | D        | MuseOD the Spriggan Enchanter began the quest for the Orb.
     0 | D        | Reached XP level 1. HP: 9/9 MP: 5/5
     4 | D        | Reached skill level 1 in Fighting
     4 | D        | Reached skill level 5 in Stealth
   109 | D        | Reached skill level 6 in Stealth
   109 | D        | Reached XP level 2. HP: 2/15 MP: 6/6
   109 | D        | Killed a yaktaur
   121 | D        | Learned a level 2 spell: Ensorcelled Hibernation
   130 | D        | Killed a hellion
   132 | D        | Killed a white draconian scorcher
   133 | D        | Killed a white draconian scorcher
   160 | D        | Killed a hellion
   161 | D        | Killed a hellion
   162 | D        | Killed a hellion
   173 | D        | Killed a hellion
   194 | D        | Killed a hellion
   362 | D        | Slain by a phantom

Skill      XL: |  1 |
---------------+----+-----
Fighting       | 2 |  2.0
Short Blades   | 4 |  4.4
Stealth        | 6 |  6.3
Dodging        | |  3.0
Spellcasting   | |  2.6
Hexes          | |  3.6

Action                   || total
-------------------------++-------
Melee: Dagger            ||    27
  Use: Potion            ||     1
 Stab: Sleeping          ||     3
Dodge: Dodged            ||    14
